 Dungeon Crawl Stone Soup version 0.14.0-26-g1682e81 (webtiles) character file.

396 Heini the Covered (level 5, -5/47 HPs)
             Began as a Hill Orc Fighter on Apr 27, 2014.
             Slain by a gnoll shaman
             ... wielding a +0,+0 flail
              (9 damage)
             ... on Level 4 of the Dungeon.
             The game lasted 00:07:22 (2340 turns).

Heini the Covered (Hill Orc Fighter)                Turns: 2340, Time: 00:07:23

HP  -5/47        AC 11     Str 20      XL: 5   Next: 66%
MP   5/5         EV  6     Int  8      God:
Gold 210         SH 18     Dex 10      Spells:  0 memorised,  4 levels left

rFire  . . .     SeeInvis .     a - +1,+0 war axe
rCold  . . .     Clarity  .     b - +0 scale mail
rNeg   . . .     Conserve .     c - +0 shield
rPois  .         rCorr    .     o - +1 hat
rElec  .         rRot     .     (no cloak)
SustAb . .       Spirit   .     i - +1 pair of gloves
rMut   .         Warding  .     s - +0 pair of boots
Saprov + . .     Stasis   .     (no amulet)
MR     .....                    (no ring)
                                (no ring)

@: not resistant to hostile enchantments, extremely unstealthy
A: saprovore 1
a: no special abilities


You were on level 4 of the Dungeon.
You were not hungry.

You visited 1 branch of the dungeon, and saw 4 of its levels.

You collected 210 gold pieces.

Inventory:

Hand weapons
 a - a +1,+0 war axe (weapon)
Armour
 b - a +0 scale mail (worn)
 c - a +0 shield (worn)
 i - a +1 pair of gloves (worn)
 o - a +1 hat (worn)
 s - a +0 pair of boots (worn)
Comestibles
 d - 2 meat rations
 f - 2 bananas
 j - 11 sultanas
 k - 2 bread rations
 q - 4 chunks of gnoll flesh
Scrolls
 n - a scroll of enchant armour {unknown}
Potions
 e - a potion of might
 g - a potion of curing
 h - a potion of heal wounds {unknown}
 l - a potion of poison {unknown}
 m - a potion of agility
 t - a potion of brilliance {unknown}


   Skills:
 * Level 4.6 Fighting
 * Level 3.9 Axes
 * Level 5.4 Armour
 - Level 0.2 Dodging
 - Level 3.5 Shields


You had 4 spell levels left.
You didn't know any spells.

Dungeon Overview and Level Annotations

Branches:
Dungeon (4/15)
 Temple: D:4-7

Altars:
Dithmenos
Fedhas


Innate Abilities, Weirdness & Mutations

You can tolerate rotten meat.


Message History

The gnoll shaman is almost dead.
The gnoll shaman hits you but does no damage.
You hit the gnoll shaman but do no damage.
The gnoll shaman is almost dead.
The gnoll shaman closely misses you.
You closely miss the gnoll shaman.
The gnoll shaman is almost dead.
You block the gnoll shaman's attack.
You hit the gnoll shaman.
The gnoll shaman is almost dead.
The gnoll shaman hits you but does no damage.
The gnoll shaman mumbles some strange prayers to its god.
The gnoll shaman is healed somewhat.
You closely miss the gnoll shaman.
The gnoll shaman is severely wounded.
The gnoll shaman barely misses you.
You barely miss the gnoll shaman.
The gnoll shaman is severely wounded.
The gnoll shaman hits you with a flail!
You die...

....## ......##
........##
..........##
...........##
............##
..............##
#............)<#
##...........g@#
#............)<#
.............##
............##
...........##
.........##
.....$.##
.....## .##


You could see a gnoll shaman.

Vanquished Creatures
  Natasha (twice) (D:3)
  5 gnolls
  4 adders
  2 worms
  3 giant geckos
  An ooze (D:4)
  3 orcs (D:3)
  5 bats
  A giant cockroach (D:1)
  5 goblins
  3 hobgoblins (D:2)
  7 kobolds
  2 ball pythons
  4 giant newts
  4 jackals (D:1)
  8 rats
59 creatures vanquished.

Notes
Turn   | Place    | Note
--------------------------------------------------------------
     0 | D:1      | Heini, the Hill Orc Fighter, began the quest for the Orb.
     0 | D:1      | Reached XP level 1. HP: 19/19 MP: 1/1
   223 | D:1      | Reached XP level 2. HP: 27/27 MP: 2/2
   598 | D:1      | Reached skill level 4 in Fighting
   756 | D:2      | Reached XP level 3. HP: 33/33 MP: 3/3
   837 | D:2      | Found a blossoming altar of Fedhas.
   837 | D:2      | Found a shadowy altar of Dithmenos.
  1389 | D:3      | Reached XP level 4. HP: 35/40 MP: 4/4
  1418 | D:3      | Noticed Natasha
  1424 | D:3      | Killed Natasha
  2038 | D:3      | Reached skill level 5 in Armour
  2038 | D:3      | Reached XP level 5. HP: 43/46 MP: 5/5
  2065 | D:3      | Noticed Natasha
  2088 | D:3      | Killed Natasha
  2328 | D:4      | HP: 2/47 [gnoll shaman/flail (4)]
  2340 | D:4      | Slain by a gnoll shaman

Action                   |  1- 3 |  4- 6 || total
-------------------------+-------+-------++-------
Melee: War axe           |   113 |    81 ||   194
  Use: Scroll            |       |     7 ||     7
       Potion            |       |     1 ||     1
